 Dungeon Crawl Stone Soup version 0.27.1-1-g398f81649c (webtiles) character file.

Game seed: 2693279178585897116

0 chaosape the Digger (level 1, 0/13 HPs)
             Began as a Gnoll Wanderer on Sept 21, 2021.
             Slain by a jackal (3 damage)
             ... on level 1 of the Dungeon.
             The game lasted 00:00:42 (45 turns).

chaosape the Digger (Gnoll Wanderer)                  Turns: 45, Time: 00:00:42

Health: 0/13       AC:  5    Str: 14    XL:     1   Next: 0%
Magic:  4/4        EV: 10    Int:  9    God:
Gold:   0          SH:  0    Dex: 10    Spells: 5/5 levels left

rFire    . . .     SeeInvis .   a - +0 club
rCold    . . .     Faith    .   (no shield)
rNeg     . . .     Spirit   .   c - +0 ring mail
rPois    .         Reflect  .   (no helmet)
rElec    .         Harm     .   (no cloak)
rCorr    .         Rampage  .   (no gloves)
Will     .....                  (no boots)
Stlth    ..........             (no amulet)
HPRegen  0.04/turn              (no ring)
MPRegen  0.09/turn              (no ring)

@: no status effects
A: fangs 1, strong nose, distributed training
a: no special abilities


You were on level 1 of the Dungeon.
You visited 1 branch of the dungeon, and saw 1 of its levels.

Inventory:

Hand Weapons
 a - a +0 club (weapon)
Armour
 b - a +0 robe
 c - a +0 ring mail (worn)


   Skills:
 + Level 0.0 Fighting
 + Level 0.0 Short Blades
 + Level 0.0 Long Blades
 + Level 0.0 Axes
 + Level 0.0 Maces & Flails
 + Level 0.0 Polearms
 + Level 0.0 Staves
 + Level 0.0 Slings
 + Level 0.0 Bows
 + Level 0.0 Crossbows
 + Level 2.3 Throwing
 + Level 0.0 Armour
 + Level 0.0 Dodging
 + Level 0.0 Stealth
 + Level 2.3 Shields
 + Level 0.0 Unarmed Combat
 + Level 2.6 Spellcasting
 + Level 0.0 Conjurations
 + Level 0.0 Hexes
 + Level 1.9 Summonings
 + Level 3.6 Necromancy
 + Level 1.9 Translocations
 + Level 0.0 Transmutations
 + Level 0.0 Fire Magic
 + Level 0.0 Ice Magic
 + Level 0.0 Air Magic
 + Level 5.3 Earth Magic
 + Level 0.0 Poison Magic
 + Level 0.0 Invocations
 + Level 0.0 Evocations


You had 5 spell levels left.
You didn't know any spells.
Your spell library contained the following spells:

 Spells                   Type           Power      Damage    Failure   Level
 Sandblast                Erth           20%        2d7       8%          1
 Animate Skeleton         Necr           14%        N/A       14%         1
 Summon Small Mammal      Summ           16%        N/A       28%         1
 Passwall                 Tmut/Erth      4%         N/A       32%         2
 Vampiric Draining        Necr           3%         2d6       41%         3
 Stone Arrow              Conj/Erth      10%        3d7       54%         3
 Call Canine Familiar     Summ           4%         N/A       65%         3
 Petrify                  Tmut/Erth      5%         N/A       91%         4


Dungeon Overview and Level Annotations

Branches:
Dungeon (1/15)

Altars:


Innate Abilities, Weirdness & Mutations

You have very sharp teeth.
Your uncanny sense of smell can sniff out nearby items.
Your experience applies equally to all skills.


Message History

You finish putting on your +0 ring mail.
Found a river rat skeleton.
You open the door.
There is an open door here.
Found a quarterstaff. 4 jackals come into view.
The jackal barks! x4
You closely miss the jackal. Your bite misses the jackal.
The jackal closely misses you.
You hit the jackal.
The jackal is severely wounded.
The jackal barely misses you. The jackal bites you. x2
You closely miss the jackal. You bite the jackal.
The jackal is almost dead.
The jackal bites you. The jackal barely misses you.
The jackal closely misses you.
The jackal bites you but does no damage.
The jackal bites you but does no damage.
The jackal completely misses you. The jackal bites you.
The jackal barely misses you.
You hit the jackal.
The jackal is lightly wounded.
The jackal bites you but does no damage.
The jackal closely misses you.
You barely miss the jackal. Your bite misses the jackal.
The jackal is lightly wounded.
The jackal barely misses you.
You miss the jackal. You bite the jackal, but do no damage.
The jackal is lightly wounded.
The jackal completely misses you. The jackal barely misses you.
You hit the jackal.
The jackal is moderately wounded.
The jackal bites you but does no damage.
The jackal bites you.
* * * LOW HITPOINT WARNING * * *
You hit the jackal.
You kill the jackal!
The jackal bites you.
You die...

#.# #.# #.# #.# ## #.# ..
###########.### .#
○☼☼°○○≈≈≈##.#.# .# #
≈☼○≈°≈≈≈≈≈#.#.# .# #≈
#≈≈○≈#≈≈≈#@#)#####.###
#≈≈○☼§≈≈≈≈≈≈#h#.........#
#≈≈≈ ≈○○≈≈≈≈#hh.......#
############.#######.#
+....<....'..# .#
############## h# #○○≈
☼○○○≈☼≈# .# #☼§○÷○≈≈≈○≈○#
.# #☼ #☼°≈○#°○○# .#


You could see 3 jackals.

Vanquished Creatures
  A jackal (D:1)
1 creature vanquished.

Notes
Turn   | Place    | Note
-------+----------+-------------------------------------------
     0 | D:1      | chaosape the Gnoll Wanderer began the quest for the Orb.
     0 | D:1      | chaosape set off with the following items: a +0 club, a +0
                  | robe; and the following spells available to memorise:
                  | Sandblast, Animate Skeleton, Summon Small Mammal, Passwall,
                  | Vampiric Draining, Stone Arrow, Call Canine Familiar,
                  | Petrify
     0 | D:1      | Reached XP level 1. HP: 13/13 MP: 4/4
    45 | D:1      | Slain by a jackal

Illustrated notes

Levels and vault maps discovered:
D:1:      saegor_arrival_miasma, layout_basic, minmay_tree_intersection,
          minmay_indecisive_spiral

Action                   || total
-------------------------++-------
Melee: Club              ||     8
       Bite              ||     2
Armor: Ring mail         ||     4
Dodge: Dodged            ||    10
